 Dungeon Sprint DCSS version 0.18-b1-20-g17449fe (webtiles) character file.

37823 LORDOFBUTT the Executioner (level 13, -6/138 HPs)
             Began as a Minotaur Fighter on May 3, 2016.
             Was a Priest of Ashenzari.
             Hit by a javelin of penetration thrown by a merfolk javelineer (16 damage)
             ... in the Dungeon (Sprint V: "Ziggurat Sprint").
             The game lasted 00:10:37 (1892 turns).

LORDOFBUTT the Executioner (Minotaur Fighter)       Turns: 1892, Time: 00:10:38

Health: -6/138     AC: 34    Str: 30    XL:     13   Next: 60%
Magic:  28/28      EV:  5    Int:  9    God:    Ashenzari [***...]
Gold:   0          SH: 36    Dex: 13    Spells: 0 memorised, 12 levels left

rFire  + . .     SeeInvis +     y - +14 obsidian axe {chop, +Fly Str+3 SInv *Curse} (curse)
rCold  + . .     Gourm    .     K - +15 Maxwell's patent armour {-Cast -Tele rElec MR+ rCorr} (curse)
rNeg   + . .     Faith    .     L - +18 shield of the gong {rElec rN+ MR+ EV-5} (curse)
rPois  .         Spirit   .     (helmet restricted)
rElec  +         Dismiss  .     N - +1 cloak {+Inv} (curse)
rCorr  +         Reflect  .     (no gloves)
SustAt .         Harm     .     (no boots)
MR     ++++.     Rnd*Rage +     S - amulet "Qasiec" {+Rage MR+ Str+4}
Stlth  .......... NoTele   +    M - ring of protection from fire NoCast +
                                c - ring "Qaduec" {rCorr rC+ MR+ MP+9 Int+4}

@: lethally poisoned (-6 -> -8), exhausted, mesmerised, slowed, studying
Throwing, very slow, incredibly resistant to hostile enchantments, extremely
unstealthy
A: retaliatory headbutt, horns 2, berserk 1
a: Curse Item, Scrying, Renounce Religion, Evoke Berserk Rage, Evoke
Invisibility, Evoke Flight


You were in the Dungeon.
You worshipped Ashenzari.
Ashenzari was most pleased with you.
You were hungry.

You visited 1 branch

Inventory:

Hand Weapons
 y - the cursed +14 obsidian axe (weapon) {chop, +Fly Str+3 SInv *Curse}
   (You found it in the Dungeon)

   It inflicts extra damage upon your enemies.
   It affects your strength (+3).
   It lets you see invisible.
   It lets you fly.
   It may re-curse itself when equipped.
   It has a curse placed upon it.
Armour
 K - the cursed +15 Maxwell's patent armour (worn) {-Cast -Tele rElec MR+ rCorr}
   (You found it in the Dungeon)

   It insulates you from electricity.
   It affects your resistance to hostile enchantments.
   It prevents spellcasting.
   It prevents most forms of teleportation.
   It protects you from acid and corrosion.
   It has a curse placed upon it.
 L - the cursed +18 shield of the gong (worn) {rElec rN+ MR+ EV-5}
   (You found it in the Dungeon)

   It affects your evasion (-5).
   It insulates you from electricity.
   It protects you from negative energy.
   It affects your resistance to hostile enchantments.
   It has a curse placed upon it.
 N - a cursed +1 cloak of invisibility (worn)
Rods
 b - a +3 rod of shadows (9/9)
   (You found it in the Dungeon)
 R - a +4 rod of inaccuracy (12/12)
   (You found it in the Dungeon)
 V - a +4 rod of clouds (14/14)
   (You found it in the Dungeon)
Jewellery
 c - the ring "Qaduec" (left hand) {rCorr rC+ MR+ MP+9 Int+4}
   (You found it in the Dungeon)

   [ring of resist corrosion]

   It affects your intelligence (+4).
   It protects you from cold.
   It affects your resistance to hostile enchantments.
   It affects your magic capacity (+9).
 E - a +6 ring of dexterity
 F - a +6 ring of dexterity
 G - a +6 ring of intelligence
 H - a +6 ring of intelligence
 I - a +6 ring of strength
 J - a +6 ring of strength
 M - a ring of protection from fire (right hand)
 P - an uncursed ring of protection from magic
 Q - an uncursed ring of protection from cold
 S - the amulet "Qasiec" (around neck) {+Rage MR+ Str+4}
   (You found it in the Dungeon)

   [amulet of rage]

   It affects your strength (+4).
   It affects your resistance to hostile enchantments.
   It lets you go berserk.
 T - an uncursed ring of positive energy
 U - the amulet of Casar {Faith MP+9 SInv Stlth+}
   (You found it in the Dungeon)

   [amulet of faith]

   It allows you to gain divine favour quickly.
   It affects your magic capacity (+9).
   It lets you see invisible.
   It makes you more stealthy.
Wands
 A - a wand of disintegration (7/24)
 B - a wand of iceblast (5/15)
 C - a wand of lightning (5/15)
 D - a wand of acid (5/15)
Scrolls
 k - 4 scrolls of blinking
 q - 4 scrolls of amnesia
 r - 4 scrolls of recharging
 s - 7 scrolls of fog
 t - a scroll of holy word
 u - 5 scrolls of identify
 v - 2 scrolls of remove curse
 w - 2 scrolls of fear
 O - a scroll of brand weapon
Potions
 d - 7 potions of might
 e - 10 potions of curing
 g - 10 potions of heal wounds
 h - 7 potions of haste
 i - 7 potions of magic
 j - a potion of berserk rage
 l - 2 potions of brilliance
 m - 2 potions of invisibility
 n - 4 potions of resistance
 o - a potion of experience
 p - 5 potions of agility
Books
 a - a manual of Throwing
Comestibles
 f - 5 bread rations
 x - 35 fruits
 z - 4 meat rations


   Skills:
 + Level 19.4 Fighting
 + Level 22.1(24.1) Axes
 + Level 15.7 Armour
 + Level 3.1 Dodging
 + Level 1.4 Stealth
 + Level 22.1(23.3) Shields
 * Level 9.9 Evocations


You had 12 spell levels left.
You didn't know any spells.

Dungeon Overview and Level Annotations

Branches:
Dungeon (1/1)

Altars:
Ashenzari
Cheibriados
Dithmenos
Elyvilon
Fedhas
Gozag
Kikubaaqudgha
Makhleb
Nemelex Xobeh
Okawaru
Pakellas
Qazlal
Ru
Sif Muna
Trog
Vehumet
Xom
Yredelemnul
Zin
The Shining One
Beogh
Jiyva
Lugonu


Innate Abilities, Weirdness & Mutations

You reflexively headbutt those who attack you in melee.
You have a pair of horns on your head.
You tend to lose your temper in combat.


Message History

The merfolk javelineer throws a javelin of penetration.
The javelin of penetration pierces through you.
* * * LOW HITPOINT WARNING * * *
Your orange demon stings the centaur from afar!
You are no longer entranced.
The centaur dies!
Your Maxwell's patent armour prevents you from hitting the merfolk javelineer.
Your headbutt misses the merfolk javelineer.
The merfolk javelineer is moderately wounded.
Visions of slaying the merfolk javelineer flood into your mind.
You feel sick.
The merfolk javelineer throws a javelin of penetration.
The javelin of penetration barely misses you.
The javelin of penetration completely misses your ice devil.
You miss the merfolk javelineer.
The merfolk javelineer is moderately wounded.
You feel sick.
The merfolk javelineer throws a javelin of penetration.
The javelin of penetration pierces through you!
You die...

▓▓▓▓▓▓▓▓▓▓▓▓▓▓▓▓▓▓▓▓▓▓
▓....8©8....▓▓.8©8.▓.8 ,
▓..:[4}.....▓▓.[)|.▓.|
,▓..[m@))[).(▓▓..33.▓.) ,
,,,,▓....)))....▓▓.....▓..
▓....4(.....▓▓.....▓.. , ,
, ▓....(()....▓▓.....▓.. ,
▓.....(.....▓▓.....▓.. ,
▓.....(.....▓▓▓▓▓▓▓▓▓▓
▓.....(.....▓..8©8...▓
▓.....((((..▓..."=...▓
▓...........▓...3....▓


You could see a merfolk javelineer, a friendly orange demon and a friendly ice
devil.

Vanquished Creatures
  A deep elf master archer (D)
  A quicksilver dragon (D)
  An azure jelly (D)
  An orc warlord (D)
  3 stone giants (D)
  A mottled draconian (D)
  A death ooze (D)
  4 crystal guardians (D)
  2 centaur warriors (D)
  An orc high priest (D)
  An iron golem (D)
  A fire crab (shapeshifter) (D)
  An unseen horror (shapeshifter) (D)
  A giant orange brain (D)
  A hill giant (shapeshifter) (D)
  2 orc knights (D)
  A shining eye (D)
  2 ugly things (D)
  6 draconians (D)
  An orc sorcerer (D)
  2 wolf spiders (D)
  3 cyclopes (D)
  2 eyes of devastation (D)
  A black mamba (shapeshifter) (D)
  2 gargoyles (D)
  3 yaktaurs (D)
  A wind drake (shapeshifter) (D)
  2 jumping spiders (D)
  8 slime creatures (D)
  A redback (D)
  3 air elementals (D)
  A tarantella (shapeshifter) (D)
  A golden eye (shapeshifter) (D)
  3 neqoxecs (D)
  A naga (D)
  A warg (D)
  3 giant eyeballs (D)
  A hell hound (D)
  2 orc warriors (D)
  An ogre (D)
  An eye of draining (D)
  2 centaurs (D)
  3 earth elementals (D)
  2 scorpions (D)
  6 jellies (D)
  A quasit (D)
  An adder (D)
  3 ufetubi (D)
  2 oozes (D)
  A ball python (D)
97 creatures vanquished.

Vanquished Creatures (collateral kills)
  An acid blob (D)
  An orc warlord (D)
  A yellow draconian (D)
  A great orb of eyes (D)
  An orb spider (shapeshifter) (D)
  A shining eye (D)
  A guardian serpent (shapeshifter) (D)
  2 draconians (D)
  A yaktaur (D)
  2 slime creatures (D)
  2 insubstantial wisps (D)
  A centaur (D)
  An adder skeleton (D)
16 creatures vanquished.

Grand Total: 113 creatures vanquished

Notes
Turn   | Place    | Note
--------------------------------------------------------------
     0 | D        | LORDOFBUTT the Minotaur Fighter began the quest for the Orb.
     0 | D        | Reached XP level 1. HP: 19/19 MP: 0/0
     0 | D        | Found an iron altar of Okawaru.
     0 | D        | Found a burning altar of Makhleb.
     0 | D        | Found a radiant altar of Vehumet.
     0 | D        | Found a deep blue altar of Sif Muna.
     0 | D        | Found a shimmering altar of Xom.
     0 | D        | Found a bloodstained altar of Trog.
     1 | D        | Found a roughly hewn altar of Beogh.
     1 | D        | Found a viscous altar of Jiyva.
     1 | D        | Found a corrupted altar of Lugonu.
     1 | D        | Found a white marble altar of Elyvilon.
     1 | D        | Found a sparkling altar of Nemelex Xobeh.
   104 | D        | Became a worshipper of Ashenzari the Shackled
   133 | D        | Entered arena 1.
   133 | D        | Noticed a hell hound
   136 | D        | Killed a hell hound
   136 | D        | Reached XP level 2. HP: 11/31 MP: 1/1
   136 | D        | Reached XP level 3. HP: 14/38 MP: 2/2
   136 | D        | Reached XP level 4. HP: 16/45 MP: 3/3
   330 | D        | Entered arena 2.
   330 | D        | Noticed a naga
   336 | D        | Killed a naga
   336 | D        | Reached XP level 5. HP: 51/55 MP: 4/4
   361 | D        | Entered arena 3.
   364 | D        | Reached skill level 5 in Axes
   364 | D        | Reached XP level 6. HP: 58/62 MP: 5/5
   372 | D        | Entered arena 4.
   372 | D        | Noticed a draconian
   372 | D        | Noticed a draconian
   372 | D        | Noticed a draconian
   372 | D        | Noticed a draconian
   379 | D        | Killed a draconian
   379 | D        | Reached skill level 10 in Fighting
   379 | D        | Reached skill level 10 in Armour
   379 | D        | Reached XP level 7. HP: 68/73 MP: 6/6
   379 | D        | Killed a draconian
   379 | D        | Reached XP level 8. HP: 76/82 MP: 7/7
   380 | D        | Killed a draconian
   380 | D        | Killed a draconian
   387 | D        | Entered arena 5.
   387 | D        | Noticed an air elemental
   387 | D        | Noticed an air elemental
   387 | D        | Noticed an air elemental
   389 | D        | Killed an air elemental
   391 | D        | Killed an air elemental
   391 | D        | Killed an air elemental
   391 | D        | Reached XP level 9. HP: 88/91 MP: 8/8
   408 | D        | Entered arena 6.
   408 | D        | Noticed a draconian
   408 | D        | Noticed a draconian
   408 | D        | Noticed a mottled draconian
   408 | D        | Noticed a draconian
   408 | D        | Noticed a yellow draconian
   408 | D        | Noticed a draconian
   418 | D        | Killed a yellow draconian
   418 | D        | Reached skill level 10 in Axes
   418 | D        | Reached skill level 15 in Shields
   419 | D        | Killed a draconian
   420 | D        | Killed a mottled draconian
   420 | D        | Reached skill level 1 in Dodging
   420 | D        | Reached XP level 10. HP: 40/101 MP: 9/9
   422 | D        | Killed a draconian
   426 | D        | Killed a draconian
   429 | D        | Killed a draconian
   745 | D        | Reached * piety under Ashenzari
   745 | D        | Entered arena 7.
   745 | D        | Noticed a white ugly thing
   745 | D        | Noticed a green ugly thing
   753 | D        | Killed a green ugly thing
   754 | D        | Killed a white ugly thing
  1028 | D        | Entered arena 8.
  1028 | D        | Noticed a wolf spider
  1028 | D        | Noticed a wolf spider
  1032 | D        | Killed a wolf spider
  1040 | D        | Killed a wolf spider
  1040 | D        | Reached XP level 11. HP: 51/111 MP: 10/10
  1045 | D        | Got the ring "Qaduec" {rCorr rC+ MR+ MP+9 Int+4}
  1341 | D        | Entered arena 9.
  1346 | D        | Paralysed by a giant eyeball for 2 turns
  1373 | D        | Got the +10 chain mail of Grot {rN++}
  1381 | D        | Entered arena 10.
  1381 | D        | Noticed an orb spider
  1381 | D        | Noticed a hill giant
  1381 | D        | Noticed a fire crab
  1381 | D        | Noticed an unseen horror
  1381 | D        | Noticed a shining eye
  1384 | D        | Reached skill level 15 in Fighting
  1386 | D        | Killed an unseen horror
  1386 | D        | Reached skill level 15 in Axes
  1386 | D        | Reached skill level 15 in Armour
  1387 | D        | Killed a hill giant
  1388 | D        | Killed a fire crab
  1389 | D        | Killed a shining eye
  1395 | D        | Killed an orb spider
  1425 | D        | Reached ** piety under Ashenzari
  1425 | D        | Entered arena 11.
  1426 | D        | Noticed a giant orange brain
  1426 | D        | Noticed an acid blob
  1434 | D        | Killed an acid blob
  1438 | D        | Killed a giant orange brain
  1453 | D        | Got the amulet "Qasiec" {+Rage MR+ Str+4}
  1537 | D        | Entered arena 12.
  1537 | D        | Noticed an orc warlord
  1537 | D        | Noticed an orc knight
  1537 | D        | Noticed a stone giant
  1537 | D        | Noticed an orc sorcerer
  1538 | D        | Noticed an orc warlord
  1538 | D        | Noticed an orc knight
  1538 | D        | Noticed an orc high priest
  1545 | D        | Killed a stone giant
  1545 | D        | Reached skill level 1 in Evocations
  1545 | D        | Reached XP level 12. HP: 124/124 MP: 12/12
  1549 | D        | Killed an orc warlord
  1552 | D        | Killed an orc high priest
  1555 | D        | Killed an orc warlord
  1555 | D        | Reached skill level 5 in Evocations
  1592 | D        | Entered arena 13.
  1593 | D        | Noticed an azure jelly
  1593 | D        | Gained mutation: You tend to lose your temper in combat. [a shining eye]
  1594 | D        | Noticed a death ooze
  1594 | D        | Noticed a great orb of eyes
  1600 | D        | Killed an azure jelly
  1600 | D        | Reached skill level 1 in Stealth
  1604 | D        | Killed a death ooze
  1608 | D        | Killed a great orb of eyes
  1616 | D        | Got the amulet of Casar {Faith MP+9 SInv Stlth+}
  1629 | D        | Entered arena 14.
  1630 | D        | Noticed a stone giant
  1630 | D        | Noticed a stone giant
  1630 | D        | Noticed a crystal guardian
  1630 | D        | Noticed a quicksilver dragon
  1631 | D        | Noticed a crystal guardian
  1631 | D        | Noticed a crystal guardian
  1631 | D        | Noticed a crystal guardian
  1640 | D        | Killed a quicksilver dragon
  1641 | D        | Killed a crystal guardian
  1641 | D        | Reached XP level 13. HP: 119/134 MP: 17/17
  1642 | D        | Killed a stone giant
  1644 | D        | Killed a crystal guardian
  1645 | D        | Killed a stone giant
  1645 | D        | Killed a crystal guardian
  1649 | D        | Killed a crystal guardian
  1680 | D        | Reached *** piety under Ashenzari
  1680 | D        | Entered arena 15.
  1871 | D        | Noticed a merfolk javelineer
  1871 | D        | Noticed a deep elf master archer
  1880 | D        | Killed a deep elf master archer
  1884 | D        | Identified the +5 spear of Annihilation {flame, *Contam MP+9 Dex+3}
  1892 | D        | Hit by a javelin of penetration thrown by a merfolk javelineer

Skill      XL: |  1  2  3  4  5  6  7  8  9 10 11 12 13 |
---------------+----------------------------------------+-----
Fighting       | 6 8 10 11 12 13 14 16 18 19 | 19.4
Axes           | 3 4 5 6 7 9 12 14 17 20 22 | 22.1
Armour         | 7 8 9 10 11 13 14 15 | 15.7
Shields        | 6 8 9 11 12 14 16 18 20 21 22 | 22.1
Dodging        | 1 2 3 |  3.1
Evocations     | 1 7 9 |  9.9
Stealth        | 1 |  1.4

Action                   |  1- 3 |  4- 6 |  7- 9 | 10-12 | 13-15 || total
-------------------------+-------+-------+-------+-------+-------++-------
Melee: Broad axe         |     3 |    13 |    21 |    80 |    26 ||   143
       Headbutt          |     2 |     2 |     7 |    24 |    11 ||    46
Invok: Curse Item        |     2 |     1 |       |       |       ||     3
 Abil: Evoke Berserk Rag |       |       |       |     2 |     1 ||     3
  Use: Potion            |       |       |       |     3 |       ||     3
 Stab: Distracted        |       |       |       |     1 |       ||     1
  Eat: Fruit             |       |       |       |     7 |       ||     7
Armor: Plate armour      |     3 |    15 |    11 |    48 |    10 ||    87
Dodge: Dodged            |       |     1 |     1 |    11 |     5 ||    18
Block: Shield            |     3 |    28 |    43 |   141 |    56 ||   271
